 Dungeon Crawl Stone Soup version 0.30-a0-760-g5a9884bb7c (webtiles) character file.

Game seed: 13357098539597174863

7 theblackgale the Trooper (level 1, -3/18 HPs)
             Began as a Demonspawn Chaos Knight on Feb 10, 2023.
             Was a Plaything of Xom.
             Frozen to death by an endoplasm (4 damage)
             ... on level 1 of the Dungeon.
             The game lasted 00:01:38 (98 turns).

theblackgale the Trooper (Demonspawn Chaos Knight)    Turns: 98, Time: 00:01:39

Health: -3/18      AC:  5    Str: 11 (12) XL:     1   Next: 83%
Magic:  1/1        EV: 11    Int: 11 (13) God:    Xom [..*...]
Gold:   0          SH:  0    Dex:  9 (12) Spells: 0/0 levels left

rFire   . . .      SeeInvis .    a - +0 short sword (chaos)
rCold   . . .      Faith    .    (no shield)
rNeg    . . .      Spirit   .    b - +2 leather armour
rPois   .          Reflect  .    (no helmet)
rElec   .          Harm     .    (no cloak)
rCorr   .          Rampage  .    (no gloves)
Will    .....                    (no boots)
Stlth   +                        (no amulet)
HPRegen 0.23/turn                (no ring)
MPRegen 0.07/turn                (no ring)

@: brilliant
A: no striking features
a: Renounce Religion


You were on level 1 of the Dungeon.
You worshipped Xom.
You were a toy of Xom.
You visited 1 branch of the dungeon, and saw 1 of its levels.

Inventory:

Hand Weapons
 a - a +0 short sword of chaos (weapon)
Armour
 b - a +2 leather armour (worn)
Miscellaneous
 c - a piece from Xom's chessboard (10/15) (quivered)


   Skills:
 + Level 3.3 Fighting
 + Level 2.8 Short Blades
 + Level 1.7 Armour
 + Level 0.8 Dodging


You couldn't memorise any spells.
You didn't know any spells.
Your spell library was empty.

Dungeon Overview and Level Annotations

Branches:
Dungeon (1/15)

Altars:


Message History

You barely miss the giant cockroach. The giant cockroach barely misses you.
The kobold throws a stone.
The stone hits you but does no damage. The endoplasm freezes you.
You are frozen.
You closely miss the giant cockroach. The giant cockroach closely misses you.
The kobold throws a stone.
The stone hits you but does no damage. The endoplasm closely misses you.
You closely miss the giant cockroach.
The giant cockroach bites you but does no damage.
You hit the giant cockroach.
The giant cockroach is poisoned.
The giant cockroach is moderately wounded.
You kill the giant cockroach!
The endoplasm freezes you.
You are frozen.
The endoplasm misses you.
Things that are here:
a +0 short sword; a kobold corpse You hit the endoplasm but do no damage.
The kobold barely misses you. The endoplasm barely misses you.
You hit the endoplasm.
The endoplasm is lightly wounded.
The kobold hits you with a +0 club. The endoplasm freezes you.
You are frozen.
* * * LOW HITPOINT WARNING * * *
You make a move on Xom's chessboard...
The endoplasm flickers and vanishes!
Deactivating autopickup; reactivate with Ctrl-A.
The kobold barely misses you. The goblin misses you.
Something hits you but does no damage.
You make a move on Xom's chessboard...
The goblin suddenly stops moving!
The kobold hits you but does no damage.
You are frozen.
* * * LOW HITPOINT WARNING * * *
You make a move on Xom's chessboard...
The kobold seems to grow stronger.
The kobold hits you with a +0 club.
* * * LOW HITPOINT WARNING * * *
Something hits you but does no damage.
You make a move on Xom's chessboard...
The kobold is moving more slowly.
Something hits you but does no damage. The kobold barely misses you.
You hit something. The kobold closely misses you.
You are frozen.
You die...

.○.. ..# ###.#.#### ...#
○......°###.○.# .....#
####.#....^°.K..
......>....°.....°#.°. ##
#....#.#.#.....°....#....
#....#.#.#.. #..{.°...°#
#$...#.#.#.#.#.g@.#....#
#....#...#.#.#.#K.○○#..
#..).....#.#...........#
#..#.#...#.###.#.°.°##.#
#..........# #†##°○....°.
...........# #.##K○.##.#
...........###.##○.○.. #
...#...#.#.....##..○###
.......#.####### ...#


You could see a goblin (paralysed) and 3 kobolds.

Vanquished Creatures
  A giant cockroach (D:1)
  A goblin (D:1)
  2 kobolds (D:1)
  A bat (D:1)
  A frilled lizard (D:1)
6 creatures vanquished.

Notes
Turn   | Place    | Note
-------+----------+-------------------------------------------
     0 | D:1      | theblackgale the Demonspawn Chaos Knight began the quest
                  | for the Orb.
     0 | D:1      | Reached XP level 1. HP: 18/18 MP: 1/1
    24 | D:1      | XOM: potion effect (brilliance)
    98 | D:1      | Frozen to death by an endoplasm

Illustrated notes

Levels and vault maps discovered:
D:1:      erik_arrival_triangle_small, layout_basic,
          ebering_dispersal_statue_hall

Action                     || total
---------------------------++-------
  Melee: Short sword       ||    34
  Evoke: Piece from Xom's  ||     5
    Use: Scroll            ||     1
         Potion            ||     1
   Stab: Paralysed         ||     2
 Armour: Leather armour    ||    18
  Dodge: Dodged            ||    34

Table legend: (Time is in decaauts)
 A = Elapsed time spent in this place.
 B = Non-inter-level travel time spent in this place.
 C = Inter-level travel time spent in this place.
 D = Time resting spent in this place.
 E = Time spent auto-exploring this place.
 F = Levels seen in this place.
 G = Mean time per level.
                   A        B        C        D        E       F      G
               +--------+--------+--------+--------+--------+-----+--------+
         Total |     93 |     61 |     32 |      0 |      0 |   1 |   93.0 |
       Dungeon |     93 |     61 |     32 |      0 |      0 |   1 |   93.0 |
               +--------+--------+--------+--------+--------+-----+--------+

Top non-repeatable levels by time:
     D:1: 93 daAuts
